 Dungeon Crawl Stone Soup version 0.31-a0-1009-g454b1f1e0a (webtiles) character file.

Game seed: 12601486672979644740

6519 Gynju the Basher (level 11, -1/73 HPs)
             Began as a Gargoyle Fighter on Nov 14, 2023.
             Was an Elder of Okawaru.
             Slain by a killer bee (7 damage)
             ... on level 9 of the Dungeon.
             The game lasted 00:14:07 (8632 turns).

Gynju the Basher (Gargoyle Fighter)                 Turns: 8632, Time: 00:14:08

Health: -1/73      AC: 28    Str: 23    XL:     11   Next: 0%
Magic:  12/14      EV:  9    Int: 10    God:    Okawaru [****..]
Gold:   584        SH:  5    Dex:  9    Spells: 10/10 levels left

rFire   . . .        z - +0 morningstar
rCold   . . .        c - +0 buckler
rNeg    + . .        o - +0 shadow dragon scales
rPois   ∞            I - +0 hat
rElec   +            J - +0 cloak
rCorr   +            (no gloves)
SInv    .            (no boots)
Will    .....        (no amulet)
Stlth   ++++         a - ring of resist corrosion
HPRegen 0.32/turn    s - +4 ring of protection
MPRegen 0.14/turn

%: no passive effects
@: heroic
A: sickness immunity, AC +8, negative energy resistance 1, electricity
resistance, torment resistance 1, petrification resistance
a: Renounce Religion, Heroism, Finesse


You were on level 9 of the Dungeon.
You worshipped Okawaru.
Okawaru was greatly pleased with you.
You visited 2 branches of the dungeon, and saw 11 of its levels.

You collected 584 gold pieces.

Inventory:

Hand Weapons
 z - a +0 morningstar (weapon)
Armour
 c - a +0 buckler (worn)
 m - a +1 chain mail of fire resistance
 o - +0 shadow dragon scales (worn)
 I - a +0 hat (worn)
 J - a +0 cloak (worn)
Jewellery
 a - a ring of resist corrosion (left hand)
 e - a ring of see invisible
 k - a ring of willpower
 s - a +4 ring of protection (right hand)
 t - an amulet of faith
 w - a ring of willpower
 B - a ring of protection from fire
Wands
 h - a wand of polymorph (13)
 q - a wand of roots (21)
 v - a wand of flame (44)
 C - a wand of paralysis (3)
 H - a wand of mindburst (15)
Scrolls
 b - a scroll of revelation
 d - 2 scrolls of blinking {unknown}
 i - 2 scrolls of enchant armour {unknown}
 j - 5 scrolls of teleportation
 p - 2 scrolls of immolation
 u - a scroll of torment
 y - a scroll of enchant weapon {unknown}
 E - a scroll of poison {unknown}
 F - a scroll of identify {@r1}
Potions
 f - 2 potions of degeneration
 g - 4 potions of lignification
 l - a potion of haste
 n - a potion of mutation
 r - 2 potions of curing {@q1}
 x - a potion of brilliance
 A - 2 potions of heal wounds
 D - a potion of berserk rage
 G - a potion of attraction {unknown}


   Skills:
 + Level 10.6(15.6) Fighting
 * Level 13.0(18.0) Maces & Flails
 - Level 3.2(8.2) Armour
 - Level 3.2(8.2) Shields
 + Level 4.0 Invocations


You had 10 spell levels left.
You didn't know any spells.
Your spell library contained the following spells:

 Spells                   Type           Power      Damage    Failure   Level
 Sandblast                Erth           0%         2d4       95%         1
 Lesser Beckoning         Tloc           0%         N/A       99%         2
 Passwall                 Tmut/Erth      0%         N/A       99%         2
 Static Discharge         Conj/Air       0%         3-3/arc   99%         2
 Gell's Gravitas          Tloc           0%         N/A       100%        3
 Stone Arrow              Conj/Erth      0%         3d7       100%        3
 Teleport Other           Tloc           0%         N/A       100%        3
 Airstrike                Air            0%         2d(0-16)  100%        4
 Anguish                  Hex/Necr       0%         N/A       100%        4
 Brom's Barrelling Bould  Conj/Erth      0%         2d3       100%        4
 Cause Fear               Hex            0%         N/A       100%        4
 Passage of Golubria      Tloc           0%         N/A       100%        4
 Yara's Violent Unravell  Hex/Tmut       0%         3d3       100%        5
 Enfeeble                 Hex            0%         N/A       100%        7
 Tukima's Dance           Hex            Unusable   N/A       N/A         3
 Summon Lightning Spire   Summ/Air       Unusable   N/A       N/A         4

Dungeon Overview and Level Annotations

Branches:
Dungeon (10/15)            Temple (1/1) D:5            Lair (0/5) D:8
    Orc: D:9-12

Altars:
Ashenzari
Cheibriados
Dithmenos
Elyvilon
Fedhas
Gozag
Hepliaklqana
Kikubaaqudgha
Makhleb
Nemelex Xobeh
Okawaru
Qazlal
Ru
Sif Muna
Trog
Uskayaw
Vehumet
Wu Jian
Xom
Yredelemnul
Zin
The Shining One

Shops:
D:5 =

Annotations:
D:6 3 runed translucent doors, u553311's ghost, novice DjFE


Innate Abilities, Weirdness & Mutations

You are immune to sickness and miasma.
Your stone body is resilient. (AC +8)
You are immune to poison.
You resist negative energy. (rN+)
You are resistant to electric shocks. (rElec)
You are resistant to unholy torment.
You are immune to petrification.


Message History

The killer bee is heavily wounded.
The killer bee closely misses you.
The killer bee stings you but does no damage.
You block the killer bee's attack. x2
You hit the killer bee.
The killer bee is heavily wounded.
The killer bee closely misses you. You block the killer bee's attack.
The killer bee stings you but does no damage. x2
You closely miss the killer bee.
The killer bee is heavily wounded.
The killer bee stings you but does no damage.
The killer bee barely misses you.
The killer bee stings you but does no damage.
You block the killer bee's attack. x2
You completely miss the killer bee.
The killer bee is heavily wounded.
You block the killer bee's attack.
The killer bee stings you but does no damage.
The killer bee stings you!
* * * LOW HITPOINT WARNING * * *
The killer bee barely misses you.
You barely miss the killer bee.
The killer bee is heavily wounded.
You block the killer bee's attack. The killer bee barely misses you. x2
The killer bee stings you.
* * * LOW HITPOINT WARNING * * *
You barely miss the killer bee.
The killer bee is heavily wounded.
You block the killer bee's attack.
The killer bee stings you but does no damage. x2
The killer bee stings you!
* * * LOW HITPOINT WARNING * * *
You sock the killer bee!
The killer bee is almost dead.
The killer bee stings you but does no damage. x3
You block the killer bee's attack. The killer bee barely misses you.
You closely miss the killer bee.
The killer bee is almost dead.
The killer bee stings you!
You die...

#.............# #......#........
#.............# #.....#########.
#..........#### #.....# #.
#..........# ####'##.#########.
#..........### #....##....[......
#..........'.###...#########.....
#..........#...'...# #.....
#..........#####yy.# #.....
#..........#...†@################
#..............†.................
#.##########.####################
#.# #.#................... #.#
#.#.##############.... #.# #.#.#
#.......#.#.. #.# #.#.#
#............ #.# #.#.#
#.#........#. #.#
#.#.########.###.#....


You could see 2 killer bees.

Vanquished Creatures
  Joseph (D:8)
  A queen bee (D:9)
  2 hornets (D:7)
  Prince Ribbit (D:6)
  Grinder (D:6)
  Sigmund (D:2)
  A wyvern (D:9)
  11 yaks (D:9)
  Duvessa (D:6)
  2 ice beasts (D:5)
  2 sky beasts
  2 black bears (D:6)
  2 ogres (D:5)
  2 phantoms
  2 kobold brigands
  A bullfrog (D:8)
  2 gnoll sergeants (D:9)
  3 scorpions
  5 wights
  Dowan (D:6)
  18 killer bees
  A howler monkey (D:5)
  4 hounds
  A gnoll bouda (D:8)
  2 orc priests (D:5)
  2 jellies
  Jessica (D:3)
  An iguana (D:5)
  Natasha (thrice) (D:2)
  2 orc wizards
  5 adders
  12 gnolls
  2 worms
  22 orcs
  8 ball pythons
  4 bats
  9 endoplasms
  4 giant cockroaches
  7 goblins
  4 hobgoblins
  5 kobolds
  2 quokkas
  2 frilled lizards
  4 rats
169 creatures vanquished.

Notes
Turn   | Place    | Note
-------+----------+-------------------------------------------
     0 | D:1      | Gynju the Gargoyle Fighter began the quest for the Orb.
     0 | D:1      | Reached XP level 1. HP: 14/14 MP: 1/1
   315 | D:1      | Reached XP level 2. HP: 15/19 MP: 2/2
   809 | D:2      | Noticed Sigmund
   817 | D:2      | Killed Sigmund
   818 | D:2      | Reached skill level 4 in Maces & Flails
   818 | D:2      | Reached XP level 3. HP: 9/24 MP: 3/3
   818 | D:2      | Reached XP level 4. HP: 11/30 MP: 4/4
   818 | D:2      | Reached XP level 5. HP: 13/34 MP: 5/5
  1163 | D:2      | Noticed Natasha
  1191 | D:2      | Killed Natasha
  1192 | D:2      | Reached skill level 5 in Maces & Flails
  1192 | D:2      | Reached XP level 6. HP: 20/40 MP: 6/6
  1506 | D:2      | Noticed Natasha
  1522 | D:2      | Killed Natasha
  1523 | D:2      | Reached skill level 5 in Fighting
  1569 | D:2      | Noticed Natasha
  1583 | D:2      | Killed Natasha
  2211 | D:3      | Noticed Jessica
  2220 | D:3      | Killed Jessica
  2409 | D:4      | Reached skill level 6 in Maces & Flails
  2409 | D:4      | Reached XP level 7. HP: 41/44 MP: 7/7
  2705 | D:4      | Found an ornate altar of the Wu Jian Council.
  3024 | D:5      | Entered Level 5 of the Dungeon
  3081 | D:5      | HP: 1/45 [ogre/+0 giant club (6)]
  3332 | D:5      | Reached skill level 7 in Maces & Flails
  3375 | D:5      | Reached XP level 8. HP: 52/52 MP: 8/8
  3435 | D:5      | Found a staircase to the Ecumenical Temple.
  3457 | Temple   | Entered the Ecumenical Temple
  3501 | Temple   | Became a worshipper of Warmaster Okawaru
  3821 | D:5      | Reached skill level 8 in Maces & Flails
  3874 | D:5      | Found Hejury's One-of-a-Kind Rings.
  4281 | D:6      | Noticed Grinder
  4287 | D:6      | Reached * piety under Okawaru
  4294 | D:6      | Killed Grinder
  4295 | D:6      | Reached skill level 9 in Maces & Flails
  4409 | D:6      | Noticed u553311's ghost (novice DjFE)
  4432 | D:6      | Reached XP level 9. HP: 43/59 MP: 9/9
  4487 | D:6      | Noticed Prince Ribbit
  4510 | D:6      | Killed Prince Ribbit
  4656 | D:6      | Found a runed translucent gate.
  4656 | D:6      | Found a runed translucent gate.
  4656 | D:6      | Found a runed translucent gate.
  4656 | D:6      | Noticed Duvessa
  4656 | D:6      | Noticed Dowan
  4682 | D:6      | Killed Duvessa
  4860 | D:6      | Killed Dowan
  4861 | D:6      | Reached skill level 10 in Maces & Flails
  5261 | D:7      | Noticed a hornet
  5278 | D:7      | Killed a hornet
  5926 | D:7      | Noticed a hornet
  5940 | D:7      | Killed a hornet
  5940 | D:7      | Reached ** piety under Okawaru
  6019 | D:8      | Reached skill level 11 in Maces & Flails
  6164 | D:8      | Found a staircase to the Lair.
  6547 | D:8      | Reached XP level 10. HP: 20/66 MP: 10/10
  6896 | D:8      | Noticed Joseph
  6911 | D:8      | Killed Joseph
  7265 | D:9      | Reached *** piety under Okawaru
  7266 | D:9      | Reached skill level 12 in Maces & Flails
  7266 | D:9      | Reached skill level 1 in Invocations
  7312 | D:9      | Reached skill level 10 in Fighting
  7724 | D:9      | Reached **** piety under Okawaru
  8348 | D:10     | Entered Level 10 of the Dungeon
  8619 | D:9      | Reached skill level 13 in Maces & Flails
  8619 | D:9      | Reached XP level 11. HP: 32/73 MP: 11/14
  8632 | D:9      | Slain by a killer bee

Illustrated notes

Levels and vault maps discovered:
D:1:      nicolae_arrival_somewhat_less_tricky_arrival, layout_loops_ring
D:2:      layout_basic, uniq_sigmund, uniq_natasha
D:3:      layout_loops_cross, hangedman_decor_clover_reticule,
          minmay_checkerbox, uniq_jessica
D:4:      layout_loops_cross, nzn_wu_jian_contemplation
D:5:      layout_basic, minmay_temple_entry_large_hall,
          nicolae_shop_unique_rings
D:6:      layout_basic, gammafunk_ghost_icy, uniq_grinder, uniq_duvessa,
          uniq_prince_ribbit1
D:7:      layout_gridville, nicolae_twisty_statue_hallways
D:8:      layout_loops_cross, dpeg_oklobed_lair, uniq_joseph
D:9:      layout_basic
D:10:     layout_rooms, special_room [special_room_bee], uniq_lodul
Temple:   regret_index_temple_sigil_plot

Skill      XL: |  1  2  3  4  5  6  7  8  9 10 |
---------------+-------------------------------+-----
Fighting       | 4 5 6 7 9 10 | 10.6
Maces & Flails | 4 5 6 7 9 11 13 | 13.0
Invocations    | 4 |  4.0
Armour         | |  3.2
Shields        | |  3.2

Action                     |  1- 3 |  4- 6 |  7- 9 | 10-12 || total
---------------------------+-------+-------+-------+-------++-------
  Melee: Flail             |    36 |   172 |   155 |       ||   363
         Morningstar       |       |       |   168 |   233 ||   401
 Invoke: Heroism           |       |       |     1 |     1 ||     2
    Use: Potion            |     1 |       |     1 |     1 ||     3
         Scroll            |       |       |    16 |       ||    16
   Stab: Sleeping          |       |       |       |     1 ||     1
 Armour: Scale mail        |    21 |   104 |       |       ||   125
         Chain mail        |       |    32 |   171 |       ||   203
         Shadow dragon sca |       |       |   163 |   275 ||   438
  Dodge: Dodged            |    18 |    60 |    99 |    99 ||   276
  Block: Buckler           |     7 |    49 |    71 |    56 ||   183

Table legend: (Time is in decaauts)
 A = Elapsed time spent in this place.
 B = Non-inter-level travel time spent in this place.
 C = Inter-level travel time spent in this place.
 D = Time resting spent in this place.
 E = Time spent auto-exploring this place.
 F = Levels seen in this place.
 G = Mean time per level.
                   A        B        C        D        E       F      G
               +--------+--------+--------+--------+--------+-----+--------+
         Total |   8669 |   8374 |    295 |    467 |   6195 |  11 |  788.1 |
       Dungeon |   8601 |   8328 |    273 |    467 |   6195 |  10 |  860.1 |
        Temple |     67 |     45 |     22 |      0 |      0 |   1 |   67.0 |
               +--------+--------+--------+--------+--------+-----+--------+

Top non-repeatable levels by time:
     D:9: 1353 daAuts
     D:6: 1138 daAuts
     D:8: 989 daAuts
     D:5: 981 daAuts
     D:2: 938 daAuts
     D:7: 920 daAuts
     D:1: 778 daAuts
     D:3: 713 daAuts
     D:4: 643 daAuts
    D:10: 143 daAuts
  Temple: 67 daAuts
